 Dungeon Crawl Stone Soup version 0.19-a0-1007-g133f65f (webtiles) character file.

2401 Arkorax the Skirmisher (level 9, -1/72 HPs)
             Began as a Demonspawn Hunter on July 20, 2016.
             Succumbed to a killer bee's poison
             ... on level 8 of the Dungeon.
             The game lasted 00:07:31 (6893 turns).

Arkorax the Skirmisher (Demonspawn Hunter)          Turns: 6893, Time: 00:07:31

Health: -1/72      AC:  0    Str: 15    XL:     9   Next: 23%
Magic:  1/9        EV: 21    Int: 14    God:
Gold:   458        SH:  0    Dex: 13    Spells: 0 memorised, 8 levels left

rFire  . . .     SeeInvis .     (weapon currently unavailable)
rCold  . . .     Gourm    .     (armour currently unavailable)
rNeg   . . .     Faith    .     (shield currently unavailable)
rPois  .         Spirit   +     (helmet currently unavailable)
rElec  .         Dismiss  .     (cloak currently unavailable)
rCorr  .         Reflect  .     (gloves currently unavailable)
SustAt .         Harm     .     (boots currently unavailable)
MR     .....                    (amulet currently unavailable)
Stlth  +.........               (ring currently unavailable)
                                (ring currently unavailable)

@: lethally poisoned (-1 -> -44), porcupine-form, slowed, slow, not resistant to
hostile enchantments, very unstealthy
A: (horns 0), (yellow scales 0), foul stench 1, (shaggy fur 0), magic shield,
rot immunity
a: no special abilities


You were on level 8 of the Dungeon.
You were not hungry.
You were a spiny porcupine.
You visited 1 branch of the dungeon, and saw 8 of its levels.

You collected 458 gold pieces.

Inventory:

Hand Weapons
 a - a +0 short sword
 e - a +0 club
 n - a +1 war axe of freezing (melded)
 y - a +0 antimagic hand axe
Missiles
 c - 6 javelins
 d - a throwing net (quivered)
Armour
 b - a +0 leather armour
 t - a +0 cloak (melded)
 w - a +2 scale mail of fire resistance (melded)
Jewellery
 A - an uncursed amulet of rage {unknown}
Wands
 G - a wand of polymorph (6/24)
Scrolls
 i - a scroll of fog {unknown}
 j - a scroll of noise {unknown}
 l - 2 scrolls of enchant weapon {unknown}
 o - 3 scrolls of teleportation {unknown}
 p - a scroll of magic mapping {unknown}
 q - a scroll of enchant armour {unknown}
 u - 3 scrolls of recharging {unknown}
 D - a scroll of random uselessness {unknown}
 F - 2 scrolls of fear {unknown}
 H - 3 scrolls of remove curse {unknown}
 I - a scroll of amnesia {unknown}
Potions
 s - 2 potions of cure mutation
 x - a potion of haste
 z - a potion of invisibility
 C - a potion of agility
 J - a potion of ambrosia
Comestibles
 f - 2 bread rations
 g - 2 beef jerkies
 h - a royal jelly
 m - 5 meat rations
 r - 9 fruits
 B - a slice of pizza


   Skills:
 + Level 7.3 Fighting
 + Level 6.1(6.2) Axes
 - Level 1.0(4.0) Maces & Flails
 - Level 3.6 Throwing
 + Level 5.8 Armour
 - Level 3.6 Dodging
 - Level 0.8 Stealth


You had 8 spell levels left.
You didn't know any spells.

Dungeon Overview and Level Annotations

Branches:
Dungeon (8/15)
 Temple: D:4-7         Lair: D:8-11

Altars:
Vehumet


Innate Abilities, Weirdness & Mutations

((You have a pair of horns on your head.))
((You are partially covered in yellow scales. (AC +2)))
You may emit foul miasma when damaged in melee.
When hurt, damage is shared between your health and your magic reserves.
You are immune to rotting.
((You are covered in fur. (AC +1)))


Message History

The hound barely misses you.
The killer bee is engulfed in dark miasma.
The killer bee looks even sicker.
The killer bee stings you!
* * * LOW HITPOINT WARNING * * *
You are more poisoned.
The killer bee poisons you! The killer bee stings you.
* * * LOW HITPOINT WARNING * * *
The killer bee looks sick.
The killer bee is struck by your spines.
You kill the killer bee!
Unknown command.
* * * LOW HITPOINT WARNING * * *
You feel very sick. The hound completely misses you.
The killer bee is engulfed in dark miasma.
The killer bee looks even sicker.
You kill the killer bee!
The killer bee barely misses you. The hound closely misses you.
Found a stone staircase leading down.
You die...

# ..# .## ###########
..## ####.........#..# #
#$...........#.# #.#
#..............# ....
#%...........# .....
#.r...[......######
#..(#.h..........##....
#y§y5.............#.#
#....!ya)................
......[....#.........##..
.....#.......#.##.#####..
...#...?........#.. ..#
...###...(......##.. ####
.> ...........


You could see a hound, a worker ant, 3 killer bees and a crimson imp.

Vanquished Creatures
  A wolf spider (D:8)
  An orc warrior (D:6)
  3 ogres
  A phantom (D:5)
  2 centaurs
  A big kobold (D:7)
  2 giant frogs
  2 scorpions
  2 killer bees (D:8)
  A howler monkey (D:7)
  3 crimson imps (D:6)
  2 orc priests
  A hound (D:5)
  12 orc wizards
  A gnoll shaman (D:3)
  A giant frog skeleton (D:7)
  A jelly (D:5)
  2 iguanas
  3 worker ants (D:6)
  5 gnolls
  A howler monkey skeleton (D:5)
  7 adders
  An ooze (D:2)
  5 worms
  4 dart slugs
  7 giant geckos
  18 orcs
  4 bats
  8 giant cockroaches
  5 goblins
  14 hobgoblins
  5 jackals
  10 kobolds
  3 quokkas (D:3)
  A giant cockroach zombie (D:6)
  2 giant newts (D:2)
  A jackal skeleton (D:5)
  A jackal zombie (D:6)
  37 rats
181 creatures vanquished.

Notes
Turn   | Place    | Note
-------+----------+-------------------------------------------
     0 | D:1      | Arkorax the Demonspawn Hunter began the quest for the Orb.
     0 | D:1      | Reached XP level 1. HP: 16/16 MP: 1/1
    75 | D:1      | Reached skill level 1 in Armour
    82 | D:1      | Gained mutation: You are partially covered in yellow scales. (AC +2) [demonic ancestry]
    82 | D:1      | Reached XP level 2. HP: 18/22 MP: 2/2
   704 | D:1      | Gained mutation: You are immune to rotting. [demonic ancestry]
   704 | D:1      | Reached XP level 3. HP: 28/28 MP: 3/3
  1310 | D:2      | Reached skill level 1 in Maces & Flails
  1314 | D:2      | HP: 1/28 [poisoned by an adder]
  1315 | D:2      | Gained mutation: When hurt, damage is shared between your health and your magic reserves. [demonic ancestry]
  1315 | D:2      | Reached XP level 4. HP: 2/34 MP: 4/4
  1726 | D:2      | Reached skill level 3 in Fighting
  1738 | D:2      | Found a radiant altar of Vehumet.
  2738 | D:3      | Reached XP level 5. HP: 41/41 MP: 5/5
  2828 | D:3      | Reached skill level 1 in Axes
  3499 | D:4      | Reached XP level 6. HP: 23/48 MP: 0/6
  3505 | D:4      | Reached skill level 4 in Fighting
  4313 | D:5      | Entered Level 5 of the Dungeon
  4453 | D:5      | Gained mutation: You have a pair of small horns on your head. [demonic ancestry]
  4453 | D:5      | Reached XP level 7. HP: 47/55 MP: 5/7
  4661 | D:5      | Reached skill level 5 in Fighting
  5178 | D:6      | Gained mutation: You may emit foul miasma when damaged in melee. [demonic ancestry]
  5178 | D:6      | Reached XP level 8. HP: 9/63 MP: 1/8
  5617 | D:6      | Reached skill level 6 in Fighting
  5742 | D:6      | Reached skill level 5 in Axes
  6158 | D:7      | Noticed a gargoyle
  6301 | D:6      | Gained mutation: You are covered in fur. (AC +1) [potion of beneficial mutation]
  6418 | D:7      | Reached skill level 5 in Armour
  6500 | D:8      | Noticed a wolf spider
  6510 | D:8      | Killed a wolf spider
  6510 | D:8      | Reached skill level 7 in Fighting
  6510 | D:8      | Gained mutation: You have a pair of horns on your head. [demonic ancestry]
  6510 | D:8      | Reached XP level 9. HP: 34/72 MP: 2/9
  6892 | D:8      | HP: 3/72 [poisoned by a killer bee]
  6893 | D:8      | Succumbed to a killer bee's poison

Vault maps used:
D:1:      onia_arrival_larder, minmay_misc_feat_hallway, hangedman_decor_growths
D:2:      vehumet_crystals
D:3:      minmay_rat_hole
D:5:      first_bread
D:7:      grunt_ogre_cave, nemelex_diamond_rough_becter
D:8:      fountainhead, kennysheep_just_a_vault

Skill      XL: |  1  2  3  4  5  6  7  8  9 |
---------------+----------------------------+-----
Armour         | 1 2 3 5 |  5.8
Dodging        | 2 3 |  3.6
Maces & Flails | 1 |  1.0
Fighting       | 3 4 5 7 |  7.3
Axes           | 2 3 4 5 6 |  6.1
Throwing       | |  3.6
Stealth        | |  0.8

Action                   |  1- 3 |  4- 6 |  7- 9 || total
-------------------------+-------+-------+-------++-------
Melee: Short sword       |   129 |       |       ||   129
       War axe           |     5 |   235 |   184 ||   424
       Headbutt          |       |       |    23 ||    23
Throw: Javelin           |     2 |       |       ||     2
       Throwing net      |       |       |     1 ||     1
Evoke: Wand              |       |       |     1 ||     1
  Use: Potion            |     1 |     3 |     2 ||     6
       Scroll            |       |       |     7 ||     7
 Stab: Sleeping          |     5 |     2 |       ||     7
       Held in net/web   |       |       |     1 ||     1
  Eat: Bread ration      |     1 |     1 |     2 ||     4
       Chunk             |       |     3 |     2 ||     5
Armor: Leather armour    |    37 |    48 |       ||    85
       Scale mail        |       |    68 |   115 ||   183
Dodge: Dodged            |   101 |   199 |   137 ||   437
